 Dungeon Crawl Stone Soup version 0.18.1-48-g4cf74bf (webtiles) character file.

178 MistressOfTheDunes the Insei (level 5, -4/41 HPs)
             Began as a Mummy Monk on July 15, 2016.
             Slain by a worm (9 damage)
             ... on level 4 of the Dungeon.
             The game lasted 00:04:52 (4315 turns).

MistressOfTheDunes the Insei (Mummy Monk)           Turns: 4315, Time: 00:04:53

Health: -4/41      AC:  1    Str: 14    XL:     5   Next: 32%
Magic:  5/5        EV: 13    Int: 10    God:
Gold:   154        SH:  0    Dex: 15    Spells: 0 memorised, 4 levels left

rFire  x . .     SeeInvis .       - Unarmed
rCold  + . .     Gourm    .     (no armour)
rNeg   + + +     Faith    .     (no shield)
rPois  ∞         Spirit   .     (no helmet)
rElec  .         Dismiss  .     (no cloak)
rCorr  .         Reflect  .     f - +0 pair of gloves
SustAt .         Harm     .     (no boots)
MR     .....                    (no amulet)
Stlth  ++........               (no ring)
                                (no ring)

@: not resistant to hostile enchantments, unstealthy
A: no food or potions, fire vulnerability, cold resistance 1, negative energy
resistance 3, torment resistance, unbreathing
a: no special abilities


You were on level 4 of the Dungeon.
You were not hungry.

You visited 1 branch of the dungeon, and saw 4 of its levels.

You collected 154 gold pieces.


Innate Abilities, Weirdness & Mutations

You do not eat or drink.
Your flesh is vulnerable to fire.
You are immune to poison.
Your flesh is cold resistant.
You are immune to negative energy.
You are immune to unholy pain and torment.
You can survive without breathing.


   Skills:
 - Level 3.0 Fighting
 + Level 3.2 Dodging
 - Level 1.5 Stealth
 - Level 5.0 Unarmed Combat


You had 4 spell levels left.
You didn't know any spells.

Inventory:

Armour
 f - a +0 pair of gloves (worn)
Scrolls
 a - a scroll of fog {unknown}
 b - 4 scrolls of identify {unknown}
 c - 2 scrolls of noise {unknown}
 d - a scroll of teleportation {unknown}
 e - a scroll of fear {unknown}
 g - a scroll of remove curse {unknown}
 h - a scroll of enchant weapon {unknown}

Dungeon Overview and Level Annotations

Branches:
Dungeon (4/15)
 Temple: D:4-7

Altars:
Makhleb
Vehumet

▒.▒ ▒.▒ ▒.▒ ▒.▒
▒▒▒▒▒.▒▒▒▒▒ ▒▒+▒▒
▒<........▒ ▒▒...▒▒
▒.▒▒▒.▒▒▒.▒▒▒.....▒▒
▒.▒▒▒.▒▒▒.▒▒.......▒▒
▒.▒▒...▒▒.▒....Mw...▒
...........'.........+
▒▒.▒▒...▒▒)▒.........▒
▒.........▒▒.....£[▒▒
▒▒▒.▒.▒▒▒.▒▒▒.....▒▒
▒.▒.▒ ▒.▒ ▒▒...▒▒
▒.▒.▒ ▒.▒ ▒▒+▒▒ .. ▒.▒
. ▒.▒


You could see a worm.


Message History

You pulverise the worm but do no damage!
The worm is moderately wounded!
The worm bites you! * * * don't die
* * * You pulverise the worm!
The worm is heavily wounded!
You pummel the worm but do no damage!
The worm is heavily wounded!
The worm misses you!
You pulverise the worm!
The worm is heavily wounded!
You pound the worm into fine dust!
The worm is heavily wounded!
The worm closely misses you!
You barely miss the worm!
The worm is heavily wounded!
The worm bites you! * * * don't die
* * * You pulverise the worm!
The worm is severely wounded!
You pulverise the worm!!!
The worm is almost dead!
The worm bites you!!! * * * don't die
* * * You barely miss the worm!
The worm is almost dead!
You pummel the worm but do no damage!
The worm is almost dead!
The worm bites you!!! rip

Action                   |  1- 3 |  4- 6 || total
-------------------------+-------+-------++-------
Melee: Unarmed           |   162 |   153 ||   315
       Punch             |     3 |     1 ||     4
 Stab: Sleeping          |     3 |     4 ||     7
       Distracted        |       |     1 ||     1
Armor: Skin              |       |     7 ||     7
Dodge: Dodged            |   149 |   102 ||   251

Vault maps used:
D:1:      nicolae_arrival_somewhat_less_tricky_arrival, serial_bayou_pond_a,
          corexii_hall_statues_x
D:2:      gammafunk_temple_overflow_wave
D:3:      first_bread

Notes
Turn   | Place    | Note
--------------------------------------------------------------
     0 | D:1      | MistressOfTheDunes the Mummy Monk began the quest for the Orb.
     0 | D:1      | Reached XP level 1. HP: 18/18 MP: 1/1
   451 | D:1      | Reached XP level 2. HP: 21/24 MP: 2/2
   749 | D:1      | Reached skill level 4 in Unarmed Combat
  1173 | D:1      | Reached XP level 3. HP: 25/29 MP: 3/3
  2118 | D:2      | Found a burning altar of Makhleb.
  2118 | D:2      | Found a radiant altar of Vehumet.
  2240 | D:2      | Reached XP level 4. HP: 23/35 MP: 4/4
  3098 | D:3      | Reached skill level 5 in Unarmed Combat
  3366 | D:3      | Reached XP level 5. HP: 41/41 MP: 5/5
  3992 | D:2      | Reached skill level 3 in Dodging
  4315 | D:4      | Slain by a worm

Vanquished Creatures
  An orc wizard (D:2)
  5 adders
  An ooze (D:3)
  A worm (D:2)
  A dart slug (D:2)
  3 giant geckos
  6 orcs
  A ball python (D:1)
  11 bats
  4 giant cockroaches
  7 goblins
  12 hobgoblins
  4 jackals
  11 kobolds
  6 giant newts
  7 rats
81 creatures vanquished.
